 Dungeon Crawl Stone Soup version 0.29-a0-251-g80730f7218 (webtiles) character file.

Game seed: 1934316465934983617

16385 sokol815 the Unseen (level 12, -19/72 HPs)
             Began as a Kobold Brigand on Mar 6, 2022.
             Was an Elder of Wu Jian.
             Demolished by a reaper
             ... wielding a +2 scythe of freezing
              (42 damage)
             ... in an ice cave.
             The game lasted 01:03:21 (17753 turns).

sokol815 the Unseen (Kobold Brigand)               Turns: 17753, Time: 01:03:23

Health: -19/72     AC:  9    Str:  8    XL:     12   Next: 69%
Magic:  12/12      EV: 17    Int: 12    God:    Wu Jian [****..]
Gold:   264        SH:  8    Dex: 22    Spells: 7/11 levels left

rFire   . . .      SeeInvis .   w - +2 short sword (holy)
rCold   + + .      Faith    .   l - +2 buckler of the Ladybird {Contam rPois rC++ Regen+}
rNeg    . . .      Spirit   .   n - +0 swamp dragon scales
rPois   +          Reflect  .   k - +0 helmet
rElec   .          Harm     .   h - scarf {shadows}
rCorr   +          Rampage  .   (no gloves)
Will    .....                   f - +0 pair of boots
Stlth   ++++++++..              H - amulet of regeneration
HPRegen 1.82/turn               X - ring of resist corrosion
MPRegen 0.13/turn               (no ring)

@: no status effects
A: small, no large weapons, nightstalker 3
a: Renounce Religion, Wall Jump, Serpent's Lash


You were in an ice cave.
You worshipped Wu Jian.
Wu Jian was greatly pleased with you.
You visited 3 branches of the dungeon, and saw 13 of its levels.
You also visited: Sewer and Ice Cave.

You collected 801 gold pieces.
You spent 537 gold pieces at shops.

Inventory:

Hand Weapons
 a - a +8 dagger
   (You found it on level 3 of the Dungeon)
 b - a +2 vampiric falchion
   (You took it off Eustachio on level 6 of the Dungeon)
 g - a +5 trident of protection
   (You took it off a gnoll sergeant on level 7 of the Dungeon)
 s - a +2 arbalest of freezing
   (You found it in an ice cave)
 w - a +2 short sword of holy wrath (weapon)
   (You took it off a kobold on level 8 of the Dungeon)
 N - a +0 vampiric dagger
   (You took it off an orc on level 9 of the Dungeon)
Missiles
 c - 9 boomerangs
 e - 6 curare-tipped darts
 j - 3 boomerangs of dispersal {=f}
 m - a throwing net {!d}
 B - 2 atropa-tipped darts
 S - 75 poisoned darts
Armour
 f - a +0 pair of boots (worn)
   (You found it on level 1 of the Dungeon)
 h - a scarf of shadows (worn)
   (You found it on level 1 of the Dungeon)
 k - a +0 helmet (worn)
   (You found it on level 2 of the Dungeon)
 l - the +2 buckler of the Ladybird (worn) {Contam rPois rC++ Regen+}
   (You acquired it on level 1 of the Lair of Beasts)

   rC:        It greatly protects you from cold.
   rPois:     It protects you from poison.
   Contam:    It causes magical contamination when unequipped.
   Regen:     It increases your rate of health regeneration.
 n - +0 swamp dragon scales (worn)
   (You took it off Maggie on level 7 of the Dungeon)
 p - a +2 cloak
   (You took it off Crazy Yiuf on level 2 of the Dungeon)
 r - a scarf of resistance
   (You found it in an ice cave)
 J - a +1 leather armour of fire resistance
   (You took it off Eustachio on level 6 of the Dungeon)
Jewellery
 H - an amulet of regeneration (around neck)
   (You bought it in a shop on level 3 of the Dungeon)
 X - a ring of resist corrosion (left hand)
   (You found it on level 8 of the Dungeon)
Wands
 d - a wand of digging (11)
   (You took it off Grum on level 9 of the Dungeon)
 i - a wand of iceblast (4)
   (You found it on level 9 of the Dungeon)
 q - a wand of flame (7)
   (You found it on level 1 of the Lair of Beasts)
 y - a wand of mindburst (9)
   (You found it on level 1 of the Lair of Beasts)
Scrolls
 x - 4 scrolls of fog
 E - 2 scrolls of fear
 K - a scroll of immolation {!r}
 Y - 3 scrolls of teleportation {@r3}
Potions
 o - a potion of heal wounds {unknown}
 u - a potion of brilliance {unknown}
 z - 2 potions of cancellation
 A - 4 potions of attraction {!q}
 G - a potion of ambrosia {!q}
 I - 2 potions of invisibility
 L - 3 potions of flight
 P - 2 potions of lignification {!q}
 R - a potion of resistance
 U - 2 potions of mutation {!q}
 V - a potion of magic {unknown}


   Skills:
 + Level 7.6 Fighting
 - Level 10.0 Short Blades
 - Level 6.0 Throwing
 + Level 9.1 Dodging
 * Level 19.2 Stealth
 + Level 2.7 Shields
 + Level 2.9 Transmutations
 + Level 2.9 Earth Magic


You had 7 spell levels left.
You knew the following spells:

 Your Spells              Type           Power      Damage    Failure   Level
c - Petrify               Tmut/Erth      7%         N/A       99%         4

Your spell library contained the following spells:

 Spells                   Type           Power      Damage    Failure   Level
 Slow                     Hex            0%         N/A       83%         1
 Corpse Rot               Necr/Air       0%         N/A       93%         2
 Confusing Touch          Hex            0%         N/A       99%         3
 Gell's Gravitas          Tloc           0%         N/A       99%         3
 Teleport Other           Tloc           0%         N/A       99%         3
 Vampiric Draining        Necr           0%         2d6       99%         3
 Dispel Undead            Necr           0%         3d6       100%        4
 Olgreb's Toxic Radiance  Pois           0%         N/A       100%        4
 Death Channel            Necr           0%         N/A       100%        6
 Dispersal                Tloc           0%         N/A       100%        6
 Dragon Form              Tmut           3%         N/A       100%        7
 Ozocubu's Refrigeration  Ice            0%         4d5       100%        7
 Storm Form               Tmut/Air       1%         N/A       100%        7
 Ignition                 Fire           0%         3d3       100%        8


Dungeon Overview and Level Annotations

Branches:
Dungeon (10/15)            Temple (1/1) D:7            Lair (2/6) D:9
    Orc (0/2) D:10          Sewer (visited)           IceCv (1/1)
  Swamp: Lair:2-4    Shoals: Lair:2-4     Snake: Lair:2-4    Spider: Lair:2-4

Altars:
Ashenzari
Cheibriados
Dithmenos
Elyvilon
Gozag
Hepliaklqana
Kikubaaqudgha
Makhleb
Nemelex Xobeh
Okawaru
Qazlal
Ru
Trog
Uskayaw
Vehumet
Wu Jian
Xom
Yredelemnul
Zin
The Shining One

Shops:
D:2 ?   D:3 =   D:6 [   D:7 ?

Annotations:
D:7 1 runed translucent door, spaghetti's ghost, novice NaEE


Innate Abilities, Weirdness & Mutations

You are small and have problems with some larger weapons.
You are completely attuned to the shadows.


Message History

The reaper draws a finger across its throat.
The reaper beckons to you.
You lunge at the reaper, in a flurry of attacks.
You barely miss the reaper. You hit the reaper but do no damage.
The reaper whispers, "Time's up, sokol815!"
You block the reaper's attack.
You hit the reaper but do no damage.
The reaper hits you with a +2 scythe of freezing!
The reaper freezes you.
You take 16 damage, and have 56/72 hp.
MASSIVE DAMAGE!!
You closely miss the reaper. You closely miss the reaper.
The reaper barely misses you.
You hit the reaper. You hit the reaper.
The reaper hits you with a +2 scythe of freezing!
The reaper freezes you.
You take 12 damage, and have 47/72 hp.
You barely miss the reaper. You barely miss the reaper.
The reaper hits you with a +2 scythe of freezing!!
The reaper freezes you.
* * * LOW HITPOINT WARNING * * *
You take 27 damage, and have 21/72 hp.
MASSIVE DAMAGE!!
You are engulfed in freezing vapours.
You resist.
* * * LOW HITPOINT WARNING * * *
The reaper hits you from afar with a +2 scythe of freezing!
* * * LOW HITPOINT WARNING * * *
You take 14 damage, and have 7/72 hp.
You are engulfed in freezing vapours.
You resist.
* * * LOW HITPOINT WARNING * * *
You take 3 damage, and have 4/72 hp.
You regained 2 hp, and now have 7/72 hp.
You regained 2 hp, and now have 9/72 hp.
Okay, then.
Really read
D - a scroll of blinking {!r}?
Blink to where?
As you read the scroll of blinking {!r}, it crumbles to dust.
You regained 2 hp, and now have 11/72 hp.
You regained 2 hp, and now have 13/72 hp.
You regained 2 hp, and now have 16/72 hp.
You regained 2 hp, and now have 18/72 hp.
You regained 2 hp, and now have 20/72 hp.
You regained 2 hp, and now have 22/72 hp.
You regained 2 hp, and now have 24/72 hp.
You regained 2 hp, and now have 27/72 hp.
You regained 2 hp, and now have 29/72 hp.
You regained 2 hp, and now have 31/72 hp.
You regained 2 hp, and now have 33/72 hp.
You regained 2 hp, and now have 36/72 hp.
You regained 2 hp, and now have 38/72 hp.
You regained 2 hp, and now have 40/72 hp.
You regained 2 hp, and now have 42/72 hp.
You regained 2 hp, and now have 44/72 hp.
You regained 2 hp, and now have 47/72 hp.
You regained 2 hp, and now have 49/72 hp.
You regained 2 hp, and now have 51/72 hp.
You regained 2 hp, and now have 53/72 hp.
You regained 2 hp, and now have 56/72 hp.
You regained 2 hp, and now have 58/72 hp.
You regained 2 hp, and now have 60/72 hp.
You regained 2 hp, and now have 62/72 hp.
You regained 2 hp, and now have 64/72 hp.
You regained 2 hp, and now have 67/72 hp.
You regained 2 hp, and now have 69/72 hp.
Okay, then.
You start resting.
Health restored: 72 Your +1 short sword of holy wrath softly glows with a divine radiance!
w - a +1 short sword of holy wrath (weapon)
As you read the scroll of enchant weapon, it crumbles to dust.
Your +1 short sword of holy wrath glows red for a moment.
The reaper hits you from afar with a +2 scythe of freezing!!
The reaper freezes you.
You take 23 damage, and have 49/72 hp.
MASSIVE DAMAGE!!
Okay, then.
Okay, then.
You lunge at the reaper, in a flurry of attacks.
You hit the reaper but do no damage. You closely miss the reaper.
The reaper closely misses you.
You regained 2 hp, and now have 51/72 hp.
You closely miss the reaper. The reaper misses you.
You hit the reaper.
The reaper convulses.
You block the reaper's attack.
You regained 2 hp, and now have 54/72 hp.
You hit the reaper but do no damage. You hit the reaper but do no damage.
The reaper misses you.
You completely miss the reaper.
The reaper hits you with a +2 scythe of freezing.
You take 2 damage, and have 54/72 hp.
You closely miss the reaper. You hit the reaper but do no damage.
The reaper hits you with a +2 scythe of freezing!!
The reaper freezes you.
You take 33 damage, and have 22/72 hp.
MASSIVE DAMAGE!!
The reaper hits you from afar with a +2 scythe of freezing!!!
Ouch! That really hurt!
You die...

##...#########.##.
##...### #...##
###...######§○.#
##.......°.###
###.........°.##
###.........##..°.
##......####○§##...
##.......#...§..4.#.
##..@....##...#§.###.
#.2.....##.....§## .
##.......2§#.#..
##.....###..#..#
###..#.....#...
####.....#...
###......# ###....5
###.##


You could see a reaper.

Vanquished Creatures
  2 two-headed ogres
  A wolf spider (Lair:1)
  2 ice statues (IceCv)
  3 cane toads
  Maggie (D:7)
  A kobold demonologist (D:8)
  A komodo dragon (Lair:1)
  5 ice devils (IceCv)
  An entropy weaver simulacrum (IceCv)
  A troll (D:10)
  16 yaks
  A dire elephant simulacrum (IceCv)
  Eustachio (D:6)
  Grum (D:9)
  3 basilisks (Lair:1)
  2 humans (D:9)
  A steam dragon (D:7)
  Menkaure (D:7)
  A death yak simulacrum (IceCv)
  Edmund (D:6)
  3 wargs (D:9)
  An acid dragon (D:10)
  4 water moccasins
  8 orc warriors
  A black bear (D:8)
  3 wolves (D:9)
  An ice beast (D:7)
  5 centaurs
  An ogre (D:5)
  A phantom (D:7)
  11 kobold brigands
  4 bullfrogs
  3 two-headed ogre simulacra (IceCv)
  2 gnoll sergeants
  A scorpion (D:4)
  11 wights
  11 killer bees
  An elephant simulacrum (IceCv)
  4 howler monkeys
  3 jellies
  12 orc priests
  Crazy Yiuf (D:2)
  2 gnoll shamans
  4 hounds
  An iguana (D:4)
  15 orc wizards
  A spriggan simulacrum (IceCv)
  A troll simulacrum (IceCv)
  3 wolf simulacra (IceCv)
  28 gnolls
  20 adders
  A naga simulacrum (IceCv)
  3 river rats
  2 white imps
  3 ufetubi (IceCv)
  A worm (shapeshifter) (D:8)
  3 worms
  51 orcs
  4 endoplasms
  6 giant cockroaches
  4 goblins
  5 hobgoblins
  5 jackals
  5 quokkas
  9 ball pythons
  A bat (D:3)
  9 frilled lizards
  24 kobolds
  7 rats
356 creatures vanquished.

Vanquished Creatures (others)
  An orc wizard (D:6)
  An orc (D:8)
  25 fungi (Lair:1)
  61 plants
88 creatures vanquished.

Grand Total: 444 creatures vanquished

Notes
Turn   | Place    | Note
-------+----------+-------------------------------------------
     0 | D:1      | sokol815 the Kobold Brigand began the quest for the Orb.
     0 | D:1      | Reached XP level 1. HP: 12/12 MP: 1/1
   474 | D:1      | Reached skill level 3 in Short Blades
   824 | D:1      | Reached XP level 2. HP: 17/17 MP: 2/2
   981 | D:1      | Found a faded altar of an unknown god.
  1924 | D:2      | Reached skill level 6 in Stealth
  1924 | D:2      | Reached XP level 3. HP: 21/21 MP: 3/3
  2442 | D:2      | Reached XP level 4. HP: 26/26 MP: 4/4
  2527 | D:2      | Found Aripih's Magic Scroll Shoppe.
  2531 | D:2      | Bought a scroll of identify for 24 gold pieces
  2531 | D:2      | Bought a scroll of noise for 12 gold pieces
  2656 | D:2      | Reached skill level 4 in Short Blades
  2780 | D:2      | Reached skill level 7 in Stealth
  2970 | D:2      | Found a runed translucent door.
  3101 | D:2      | Noticed Crazy Yiuf
  3104 | D:2      | Killed Crazy Yiuf
  3105 | D:2      | Reached XP level 5. HP: 30/30 MP: 5/5
  3457 | D:3      | Found a basalt altar of Yredelemnul.
  3522 | D:3      | Noticed a centaur
  3525 | D:3      | Killed a centaur
  3526 | D:3      | Reached skill level 5 in Short Blades
  3526 | D:3      | Reached skill level 8 in Stealth
  3526 | D:3      | Reached XP level 6. HP: 35/35 MP: 6/6
  3735 | D:3      | Found Sunt's Jewellery Emporium.
  3966 | D:3      | HP: 5/35 [gnoll/+0 halberd (7)]
  4779 | D:3      | Found a hide-covered altar of Uskayaw.
  4779 | D:3      | Found a shadowy altar of Dithmenos.
  4780 | D:3      | Found a shimmering blue altar of Sif Muna.
  4785 | D:3      | Found a shimmering altar of Xom.
  4785 | D:3      | Found a shimmering blue altar of Sif Muna.
  4791 | D:3      | Found a shimmering blue altar of Sif Muna.
  5086 | D:3      | Reached skill level 9 in Stealth
  5401 | D:4      | Reached XP level 7. HP: 38/40 MP: 7/7
  5419 | D:4      | Found a glowing drain.
  5423 | Sewer    | Entered a sewer
  6131 | Sewer    | Reached skill level 6 in Short Blades
  6810 | D:4      | Reached skill level 10 in Stealth
  7479 | D:5      | Entered Level 5 of the Dungeon
  7597 | D:5      | Found a glowing silver altar of Zin.
  7759 | D:4      | Reached skill level 3 in Throwing
  7759 | D:4      | Reached XP level 8. HP: 44/44 MP: 8/8
  8024 | D:5      | Reached skill level 11 in Stealth
  8222 | D:3      | Bought an amulet of regeneration for 330 gold pieces
  8367 | D:5      | Reached skill level 7 in Short Blades
  8440 | D:6      | Found a broken altar of Ashenzari.
  8553 | D:6      | Noticed Edmund
  8828 | D:6      | Noticed Eustachio
  8849 | D:6      | Killed Eustachio
  8850 | D:6      | Reached skill level 4 in Throwing
  9036 | D:6      | Found Gyly's Antique Armour Boutique.
  9078 | D:6      | Reached skill level 12 in Stealth
  9142 | D:6      | Reached XP level 9. HP: 45/48 MP: 9/9
  9451 | D:6      | HP: 11/48 [poisoned by Edmund]
  9456 | D:6      | HP: 5/48 [poisoned by Edmund]
  9534 | D:6      | Killed Edmund
  9535 | D:6      | Reached skill level 8 in Short Blades
  9887 | D:7      | Reached skill level 5 in Throwing
  9901 | D:6      | HP: 11/48 [gnoll/+0 club (4)]
  9961 | D:7      | HP: 2/48 [gnoll sergeant/+5 trident of protection (15)]
 10096 | D:7      | Found Uluamal's Magic Scroll Shop.
 10104 | D:7      | Noticed Maggie
 10107 | D:7      | Killed Maggie
 10108 | D:7      | Reached skill level 13 in Stealth
 10293 | D:7      | Noticed Menkaure
 10306 | D:7      | HP: 11/48 [Menkaure/nerve-wracking pain (14)]
 10369 | D:7      | Reached skill level 9 in Short Blades
 10428 | D:7      | Found a staircase to the Ecumenical Temple.
 10433 | Temple   | Entered the Ecumenical Temple
 10504 | Temple   | Became a worshipper of the Wu Jian Council
 10585 | D:7      | Reached skill level 6 in Throwing
 10585 | D:7      | Reached skill level 14 in Stealth
 10780 | D:7      | Found a runed translucent door.
 10809 | D:7      | Reached XP level 10. HP: 53/53 MP: 10/10
 10836 | D:7      | Noticed spaghetti's ghost (novice NaEE)
 11370 | D:8      | Reached skill level 15 in Stealth
 11417 | D:8      | Noticed a two-headed ogre
 11419 | D:8      | Killed a two-headed ogre
 11420 | D:8      | Reached skill level 10 in Short Blades
 11420 | D:8      | Reached skill level 16 in Stealth
 11420 | D:8      | Reached skill level 2 in Dodging
 11761 | D:8      | Noticed a kobold demonologist
 11797 | D:8      | Reached skill level 3 in Dodging
 11827 | D:8      | Reached * piety under Wu Jian
 11828 | D:8      | Reached skill level 3 in Fighting
 11846 | D:8      | Noticed a rust devil
 11859 | D:8      | HP: 12/56 [white imp/puff of frost[a kobold demonologist]
                  | (9)]
 11861 | D:8      | HP: 5/56 [kobold demonologist/+0 dagger (3)]
 11861 | D:8      | HP: 2/56 [rust devil[a kobold demonologist] (3)]
 11943 | D:8      | Reached skill level 4 in Dodging
 12106 | D:8      | Noticed an orange demon
 12126 | D:8      | Killed a kobold demonologist
 12127 | D:8      | Reached skill level 4 in Fighting
 12127 | D:8      | Reached skill level 5 in Dodging
 12844 | D:9      | Reached skill level 6 in Dodging
 12846 | D:9      | Noticed a two-headed ogre
 12870 | D:9      | Reached XP level 11. HP: 39/62 MP: 11/11
 12877 | D:9      | Killed a two-headed ogre
 12878 | D:9      | Reached skill level 5 in Fighting
 12930 | D:9      | Reached ** piety under Wu Jian
 13075 | D:9      | Found a radiant altar of Vehumet.
 13107 | D:9      | Reached skill level 17 in Stealth
 13124 | D:9      | Noticed Grum
 13135 | D:9      | Killed Grum
 13136 | D:9      | Found a snail-covered altar of Cheibriados.
 13142 | D:9      | Reached skill level 7 in Dodging
 13254 | D:9      | Found a hide-covered altar of Uskayaw.
 13280 | D:9      | Got Honkae's Reference Book on Moulding
 13567 | D:9      | Found a staircase to the Lair.
 13906 | D:9      | Found an iron altar of Okawaru.
 13943 | D:9      | HP: 15/64 [human/+0 long sword (8)]
 14134 | D:10     | Entered Level 10 of the Dungeon
 14317 | D:10     | Reached skill level 6 in Fighting
 14734 | D:9      | Reached *** piety under Wu Jian
 14867 | D:10     | Reached skill level 18 in Stealth
 15025 | D:10     | Reached skill level 8 in Dodging
 15321 | D:10     | Found a white marble altar of Elyvilon.
 15345 | D:10     | Found a staircase to the Orcish Mines.
 15388 | D:10     | Found a glowing golden altar of the Shining One.
 15549 | D:6      | Bought an ancient robe for 171 gold pieces
 15549 | D:6      | Identified the +0 robe "Ighu" {Int+4} (You bought it in a
                  | shop on level 6 of the Dungeon)
 15602 | D:7      | Killed Menkaure
 15769 | Lair:1   | Entered Level 1 of the Lair of Beasts
 15906 | Lair:1   | Reached skill level 1 in Shields
 15949 | Lair:1   | Learned a level 4 spell: Petrify
 16003 | Lair:1   | Reached XP level 12. HP: 71/71 MP: 12/12
 16307 | Lair:1   | Reached skill level 1 in Earth Magic
 16359 | Lair:1   | Reached skill level 7 in Fighting
 16359 | Lair:1   | Reached skill level 1 in Transmutations
 16983 | Lair:1   | Identified a scroll of acquirement
 16983 | Lair:1   | Acquired the +2 buckler of the Ladybird {Contam rPois rC++
                  | Regen+}
 17055 | Lair:2   | Reached skill level 2 in Shields
 17059 | Lair:2   | Reached skill level 2 in Earth Magic
 17060 | Lair:2   | Reached skill level 2 in Transmutations
 17151 | Lair:2   | Found a frozen archway.
 17166 | IceCv    | Entered an ice cave
 17245 | IceCv    | Reached skill level 19 in Stealth
 17268 | IceCv    | Reached **** piety under Wu Jian
 17435 | IceCv    | Reached skill level 9 in Dodging
 17469 | IceCv    | HP: 17/72 [ice statue] (5)]
 17647 | IceCv    | Noticed a reaper
 17664 | IceCv    | HP: 14/72 [something (7)]
 17665 | IceCv    | HP: 2/72 [something (5)]
 17753 | IceCv    | Demolished by a reaper

Illustrated notes

Levels and vault maps discovered:
D:1:      dpeg_arrival_another_circle, layout_basic,
          shapermc_ecumenical_altar_petra, minmay_misc_feat_four_crosses,
          minivault_14, hangedman_decor_push, minmay_misc_feat_tiny
D:2:      layout_loops_ring, serial_shops, nicolae_shop_advertising_works
          [nicolae_subvault_shop_adworks], serial_forest,
          infiniplex_forest_lined_room_, infiniplex_forest_end_1,
          infiniplex_forest_end_1, infiniplex_forest_lined_4_way,
          infiniplex_forest_end_2, uniq_crazy_yiuf_cottage
D:3:      layout_loops_ring, doesnt_xom_only_xom, overflow_temple_1_default,
          serial_shops, shop, minivault_14, uniq_ijyb
D:4:      layout_basic, gup_sewer_entry_bowl
D:5:      layout_rooms, zin_academy
D:6:      layout_cave_pods, nicolae_ashenzari_panopticon, serial_shops,
          nicolae_diamond_shop, uniq_edmund, uniq_eustachio
D:7:      layout_basic, minmay_temple_entry_slanted, serial_shops,
          nicolae_take_the_stairs, hellmonk_ghost_happy_afterlife,
          hex_intersection, grunt_ministairs_1, uniq_menkaure, uniq_maggie
D:8:      layout_basic, special_room [special_room_kobold],
          lemuel_flamethrower_2
D:9:      layout_basic, okawaru_humans, grunt_temple_overflow_open,
          erik_lair_orcish_takeover, uniq_grum
D:10:     layout_cave_pools, kennysheep_mini_moat, nicolae_tso_carved_into_rock,
          david_orc_3, hangedman_corner_corridor
Temple:   nicolae_temple_hex_pool
Lair:1:   minmay_lair_venomous_thicket, layout_concentric_octagons,
          chequers_serial_rivers_large_a, minivault_27,
          chequers_serial_rivers_micro_b
Lair:2:   layout_misc_corridors, swamp_mist, portal_ice_cave_entry_pillars_1,
          minivault_23, minivault_23, lemuel_fruit_tree
IceCv:    ice_cave_small_demon

Skill      XL: |  1  2  3  4  5  6  7  8  9 10 11 12 |
---------------+-------------------------------------+-----
Short Blades   | 3 4 5 6 7 9 10 | 10.0
Stealth        | 6 7 8 9 10 12 14 16 18 19 | 19.2
Throwing       | 3 4 6 |  6.0
Dodging        | 6 8 9 |  9.1
Fighting       | 4 6 7 |  7.6
Shields        | 1 2 |  2.7
Earth Magic    | 2 |  2.9
Transmutations | 2 |  2.9

Action                   |  1- 3 |  4- 6 |  7- 9 | 10-12 || total
-------------------------+-------+-------+-------+-------++-------
Melee: Dagger            |    45 |   161 |   393 |   953 ||  1552
       Punch             |       |     1 |     2 |     8 ||    11
       Short sword       |       |       |       |    13 ||    13
Throw: Stone             |     6 |       |       |       ||     6
       Dart              |     5 |     9 |    28 |     1 ||    43
       Throwing net      |       |     1 |     1 |       ||     2
Invok: Lunge             |       |       |     2 |    89 ||    91
       Whirlwind         |       |       |       |    16 ||    16
Evoke: Wand              |       |       |     2 |     2 ||     4
  Use: Scroll            |     3 |     2 |    10 |    11 ||    26
       Potion            |       |     2 |     1 |     3 ||     6
 Stab: Sleeping          |    12 |    26 |    31 |    43 ||   112
       Distracted        |       |     1 |     3 |    11 ||    15
       Held in net/web   |       |     1 |       |       ||     1
Armor: Robe              |     3 |     5 |    43 |     7 ||    58
       Ring mail         |       |    23 |    46 |       ||    69
       Swamp dragon scal |       |       |       |   115 ||   115
Dodge: Dodged            |    14 |    52 |   162 |   331 ||   559
Block: Buckler           |       |       |       |    48 ||    48

Table legend: (Time is in decaauts)
 A = Elapsed time spent in this place.
 B = Non-inter-level travel time spent in this place.
 C = Inter-level travel time spent in this place.
 D = Time resting spent in this place.
 E = Time spent auto-exploring this place.
 F = Levels seen in this place.
 G = Mean time per level.
                   A        B        C        D        E       F      G
               +--------+--------+--------+--------+--------+-----+--------+
         Total |  17364 |  16322 |   1042 |   2461 |  10017 |  15 | 1157.6 |
       Dungeon |  14215 |  13245 |    970 |   2035 |   8172 |  10 | 1421.5 |
        Temple |    112 |     71 |     41 |      0 |     59 |   1 |  112.0 |
          Lair |   1394 |   1364 |     30 |     10 |   1053 |   2 |  697.0 |
         Sewer |   1143 |   1143 |      0 |    366 |    604 |   1 | 1143.0 |
      Ice Cave |    498 |    498 |      0 |     50 |    128 |   1 |  498.0 |
               +--------+--------+--------+--------+--------+-----+--------+

Top non-repeatable levels by time:
     D:1: 1951 daAuts
     D:2: 1664 daAuts
     D:6: 1624 daAuts
     D:9: 1565 daAuts
     D:4: 1535 daAuts
     D:7: 1490 daAuts
     D:3: 1339 daAuts
  Lair:1: 1251 daAuts
     D:8: 1144 daAuts
   Sewer: 1143 daAuts
    D:10: 1081 daAuts
     D:5: 818 daAuts
   IceCv: 498 daAuts
  Lair:2: 143 daAuts
  Temple: 112 daAuts

Table legend:
 A = Kills in this place as a percentage of kills in entire the game.
 B = Kills by you in this place as a percentage of kills by you in the entire game.
 C = Kills by friends in this place as a percentage of kills by friends in the entire game.
 D = Other kills in this place as a percentage of other kills in the entire game.
 E = Experience gained in this place as a percentage of experience gained in the entire game.
 F = Experience gained in this place divided by the number of levels of this place that you have seen.
                   A       B       C       D       E      F
               +-------+-------+-------+-------+-------+----------------------
         Total | 100.0 | 100.0 |   N/A | 100.0 | 100.0 | 1560.5
       Dungeon |  80.1 |  80.1 |   N/A | 100.0 |  60.0 | 1405.4
          Lair |   7.6 |   7.6 |   N/A |   0.0 |  23.2 | 2719.5
         Sewer |   5.6 |   5.6 |   N/A |   0.0 |   0.5 | 124.0
      Ice Cave |   6.7 |   6.7 |   N/A |   0.0 |  16.2 | 3791.0
               +-------+-------+-------+-------+-------+----------------------
